 Dungeon Crawl Stone Soup version bcrawl-1.17.3 (webtiles) character file.

Game seed: 12959265471582750327

35 Banto the Insei (level 3, -1/23 HPs)
             Began as an Octopode Transmuter on Oct 30, 2019.
             Slain by a worm (10 damage)
             ... on level 2 of the Dungeon.
             The game lasted 00:01:18 (1041 turns).

Banto the Insei (Octopode Transmuter)               Turns: 1041, Time: 00:01:18

Health: -1/23      AC:  1    Str:  9    XL:     3   Next: 35%
Magic:  6/6        EV: 13    Int: 16    God:
Gold:   25         SH:  0    Dex: 12    Spells: 3/6 levels left

rFire    . . .     SeeInvis .   b - -3 dagger (curse)
rCold    . . .     Gourm    .   (no shield)
rNeg     . . .     Faith    .   (helmet restricted)
rPois    .         Spirit   .   (cloak restricted)
rElec    .         Reflect  .   (no amulet)
rCorr    .         Harm     .   (no ring)
MR       .....                  (no ring)
Stlth    ++........             (no ring)
HPRegen  0.07/turn              (no ring)
MPRegen  0.10/turn              (no ring)
                                (no ring)
                                (no ring)
                                (no ring)

@: no status effects
A: almost no armour, stealthy swim, amphibious, 8 rings, constrict 8, camouflage
1, gelatinous body 1
a: no special abilities


You were on level 2 of the Dungeon.
You were hungry.

You visited 1 branch of the dungeon, and saw 2 of its levels.

You collected 25 gold pieces.

Inventory:

Hand Weapons
 b - a cursed -3 dagger (weapon)
Missiles
 a - 220 arrows
Scrolls
 f - 2 scrolls of teleportation
 i - 2 scrolls of identify
Potions
 c - a potion of lignification
 e - a potion of agility
 h - a potion of curing
 j - a potion of heal wounds {unknown}
Comestibles
 d - 5 rations {!d}
 g - 2 chunks of flesh


   Skills:
 - Level 1.0 Fighting
 - Level 2.0 Dodging
 + Level 3.7 Unarmed Combat
 - Level 2.0 Spellcasting
 + Level 2.9 Transmutations


You had 3 spell levels left.
You knew the following spells:

 Your Spells              Type           Power        Failure   Level  Hunger
a - Beastly Appendage     Tmut           ##....       6%          1    #......
b - Sticks to Snakes      Tmut           ##......     10%         2    ###....

Your spell library contained the following spells:

 Spells                   Type           Power        Failure   Level  Hunger
 Spider Form              Tmut/Pois      #..          34%         3    ###....
 Ice Form                 Ice/Tmut       #.......     75%         4    #####..
 Blade Hands              Tmut           ##........   86%         5    ######.


Dungeon Overview and Level Annotations

Branches:
Dungeon (2/12)

Altars:
Qazlal


Innate Abilities, Weirdness & Mutations

You cannot wear most types of armour.
You are very stealthy in the water. (Stealth+)
You are amphibious.
You can wear up to eight rings at the same time.
You can use your tentacles to constrict eight enemies at once.
Your skin changes colour to match your surroundings (Stealth+).
Your rubbery body absorbs attacks. (AC +1, EV +1)


Message History

The worm is moderately wounded.
You constrict the worm.
You are feeling hungry.
The worm barely misses you.
You hit the worm but do no damage.
The worm is moderately wounded.
You constrict the worm. You hit the worm but do no damage.
The worm is heavily wounded.
You constrict the worm. The worm bites you!
You are too injured to fight recklessly!
You are too injured to fight recklessly!
You are too injured to fight recklessly!
You hit the worm but do no damage.
The worm is heavily wounded.
You constrict the worm. You hit the worm.
The worm is severely wounded.
You constrict the worm. The worm bites you!
You die...

#############
######...........#
#....#.#########.#
#....#.#########.#
#####....#.#)...)....#
.........#.#.#########
....#####@w.........
$. ##.#.##.####
###.##.#### #.<.......
._.....##......
.(...#. ...... ....##.
..... ...# ## .....
### .w..


You could see a worm.

Vanquished Creatures
  A dart slug (D:1)
  5 leopard geckos (D:1)
  3 ball pythons (D:1)
  3 goblins
  3 hobgoblins
  2 kobolds (D:1)
  A quokka (D:1)
  3 bats (D:1)
  3 rats
24 creatures vanquished.

Vanquished Creatures (collateral kills)
  A hobgoblin (D:1)
1 creature vanquished.

Grand Total: 25 creatures vanquished

Notes
Turn   | Place    | Note
-------+----------+-------------------------------------------
     0 | D:1      | Banto the Octopode Transmuter began the quest for the Orb.
     0 | D:1      | Reached XP level 1. HP: 13/13 MP: 3/3
   261 | D:1      | Reached XP level 2. HP: 15/18 MP: 5/5
   298 | D:1      | Learned a level 2 spell: Sticks to Snakes
   828 | D:1      | Reached XP level 3. HP: 23/23 MP: 6/6
   991 | D:2      | Found a stormy altar of Qazlal.
  1041 | D:2      | Slain by a worm

Action                   || total
-------------------------++-------
Melee: Unarmed           ||    12
       Constrict         ||    23
       Dagger            ||    65
       Tentacles         ||    17
       Punch             ||     1
 Cast: Sticks to Snakes  ||     1
  Use: Scroll            ||     5
 Stab: Sleeping          ||     4
Armor: Skin              ||    13
Dodge: Dodged            ||    57
